cohdb
Replays
Latest Replays
All Replays
Popular Replays
Top Player Replays
Match Explorer
How It Works
Community
CoH3 Stats
Reddit
Sign in to upload your games and track your stats! →
Sign in with Steam
Match 42765422
Unlisted
Match 42765422
Overview
Messages
Build Orders
End
Panzerpioneer Squad
Panzerpioneer Squad
250 Light Carrier
Construct Light Support Kompanie
Assault Grenadier Squad
Assault Grenadier Squad
Combat Half-tracks
2.5-tonne Medical Truck
Assault Mechanized Group
Fire Support Elements
Selects Armored Support Battlegroup
Selects Salvage Kits
Veteran Squad Leaders
Construct Panzerarmee Kommand
Selects Superior Fire Drills
Selects Flammpanzer III Medium Tank
Panzerjäger Mechanized Group
Selects Panzer Storm
Panzer III L Medium Tank
Panzer III L Medium Tank
Tungsten Core Ammunition
Vehicle Survival Package
Rapid Advance
한국사람
Bootyquake
0
0
Comments
sign in to comment!
No comments posted yet!